 Dungeon Sprint DCSS version 0.29-a0-813-g4a14ea37d6 (webtiles) character file.

Game seed: 9617005133927386125

42 mhtbhm the Sneak (level 3, 0/16 HPs)
             Began as a Spriggan Enchanter on July 4, 2022.
             Was an Initiate of Gozag.
             Slain by a two-headed ogre
             ... wielding a +0 giant club
              (16 damage)
             ... in the Dungeon (Sprint IX: "|||||||||||||||||||||||||||||").
             The game lasted 00:00:59 (517 turns).

mhtbhm the Sneak (Spriggan Enchanter)                Turns: 517, Time: 00:01:01

Health: 0/16       AC:  4    Str:  4    XL:     3   Next: 35%
Magic:  6/9        EV: 19    Int: 16    God:    Gozag
Gold:   0          SH:  0    Dex: 20    Spells: 1/9 levels left

rFire   . . .      SeeInvis +   a - +1 dagger
rCold   . . .      Faith    .   (no shield)
rNeg    . . .      Spirit   .   b - +0 robe
rPois   .          Reflect  .   (helmet restricted)
rElec   .          Harm     .   (no cloak)
rCorr   .          Rampage  .   (gloves unavailable)
Will    .....      NoTele   +   (boots unavailable)
Stlth   ++++......              (no amulet)
HPRegen 0.05/turn               l - +2 ring of protection
MPRegen 0.11/turn               m - +3 ring of dexterity

@: confusing by touch, very quick
A: very small, no large weapons, unfitting armour, see invisible, speed 3
a: Renounce Religion, Potion Petition, Call Merchant, Bribe Branch


You were in the Dungeon.
You worshipped Gozag.
Gozag was noncommittal.
You visited 1 branch

Inventory:

Hand Weapons
 a - a +1 dagger (weapon)
Armour
 b - a +0 robe (worn)
Jewellery
 l - a +2 ring of protection (left hand)
 m - a +3 ring of dexterity (right hand)
Wands
 k - a wand of roots (9)
Scrolls
 i - 2 scrolls of blinking
 j - 2 scrolls of amnesia
Potions
 c - 2 potions of invisibility
 d - 2 potions of heal wounds
 e - 4 potions of curing
 f - a potion of haste
 g - 4 potions of magic
 h - a potion of berserk rage


   Skills:
 + Level 0.3 Fighting
 + Level 2.0 Short Blades
 + Level 4.0 Dodging
 + Level 7.7 Stealth
 + Level 3.6 Spellcasting
 + Level 5.9 Hexes


You had one spell level left.
You knew the following spells:

 Your Spells              Type           Power      Damage    Failure   Level
a - Ensorcelled Hibernat  Hex/Ice        24%        N/A       8%          2
b - Confusing Touch       Hex            21%        N/A       4%          3
c - Tukima's Dance        Hex            21%        N/A       4%          3

Your spell library contained the following spells:

 Spells                   Type           Power      Damage    Failure   Level
 Dazzling Flash           Conj/Hex       24%        N/A       16%         3


Dungeon Overview and Level Annotations

Branches:
Dungeon (1/1)

Altars:
Cheibriados
Dithmenos
Elyvilon
Fedhas
Gozag
Hepliaklqana
Kikubaaqudgha
Makhleb
Nemelex Xobeh
Okawaru
Qazlal
Ru
Sif Muna
Trog
Uskayaw
Vehumet
Wu Jian
Xom
Yredelemnul
Zin
The Shining One
Jiyva
Lugonu


Innate Abilities, Weirdness & Mutations

You are very small and have problems with some larger weapons.
You are too small for most types of armour.
You have supernaturally acute eyesight. (SInv)
You cover ground extremely quickly. (Speed+++)


Message History

m - a +3 ring of dexterity (right hand)
You open the door.
A wight, a centaur, a troll and 3 two-headed ogres come into view.
The two-headed ogre shouts in stereo!
The centaur shouts!
Unknown command.
Casting: Ensorcelled Hibernation (safe; 8% risk of failure)
Confirm with . or Enter, or press ? or * to list all spells.
You don't know that spell.
Unknown command.
Casting: Ensorcelled Hibernation (safe; 8% risk of failure)
Confirm with . or Enter, or press ? or * to list all spells.
The spell is extremely dangerous to miscast (4% risk of failure)!
Continue anyway?
Your hands begin to glow red.
The two-headed ogre shouts in stereo!
The troll shouts!
Aiming: Fastroot
Press: ? - help, Shift-Dir - straight line, f - two-headed ogre
Aim: a two-headed ogre, wielding a +0 giant club and a +0 giant spiked club (chance to confuse on hit: 36%)
The roots erupt in riotous growth!
Roots grab the two-headed ogre.
Roots grab the wight.
The grasping roots constrict the wight.
The grasping roots constrict the two-headed ogre.
The grasping roots constrict the wight.
The grasping roots constrict the two-headed ogre.
The two-headed ogre completely misses you.
The two-headed ogre misses you.
There is an open door to the Dungeon here.
You hit the two-headed ogre but do no damage.
The two-headed ogre is lightly wounded.
The grasping roots constrict the wight.
The grasping roots constrict the two-headed ogre.
The roots release their grip on the wight.
You hit the two-headed ogre but do no damage.
The two-headed ogre is lightly wounded.
The grasping roots constrict the two-headed ogre.
The roots release their grip on the two-headed ogre.
The two-headed ogre barely misses you.
The two-headed ogre hits you with a +0 giant spiked club!
Ouch! That really hurt!
You die...
Your body crumbles into a pile of gold. $$$$$ $$$$$ $ $ $ $$$$$ $ $ ▓▓▓▓▓▓▓▓▓▓▓▓▓▓▓▓▓▓▓▓▓▓▓▓ ______'..).[[[..@OzOcTO+ ▓▓▓▓▓▓▓▓▓▓▓▓▓▓▓▓▓▓▓▓▓▓▓▓

You could see 3 two-headed ogres, a troll, a centaur and a wight.

Vanquished Creatures
  3 adders (D)
  A white imp (D)
  An orc (D)
  A ball python (D)
  A frilled lizard (D)
  2 kobolds (D)
  A rat (D)
10 creatures vanquished.

Notes
Turn   | Place    | Note
-------+----------+-------------------------------------------
     0 | D        | mhtbhm the Spriggan Enchanter began the quest for the Orb.
     0 | D        | Reached XP level 1. HP: 9/9 MP: 5/5
     9 | D        | Reached skill level 5 in Stealth
   133 | D        | Reached skill level 6 in Stealth
   133 | D        | Reached XP level 2. HP: 13/13 MP: 7/7
   144 | D        | Reached skill level 5 in Hexes
   149 | D        | Reached skill level 7 in Stealth
   167 | D        | Reached XP level 3. HP: 10/16 MP: 9/9
   447 | D        | Learned a level 2 spell: Ensorcelled Hibernation
   451 | D        | Learned a level 3 spell: Confusing Touch
   455 | D        | Learned a level 3 spell: Tukima's Dance
   464 | D        | Found a snail-covered altar of Cheibriados.
   464 | D        | Found a shadowy altar of Dithmenos.
   464 | D        | Found a white marble altar of Elyvilon.
   464 | D        | Found a blossoming altar of Fedhas.
   464 | D        | Found an opulent altar of Gozag.
   465 | D        | Found a hazy altar of Hepliaklqana.
   466 | D        | Found a viscous altar of Jiyva.
   467 | D        | Found an ancient bone altar of Kikubaaqudgha.
   468 | D        | Found a corrupted altar of Lugonu.
   469 | D        | Found a burning altar of Makhleb.
   470 | D        | Found a sparkling altar of Nemelex Xobeh.
   471 | D        | Found an iron altar of Okawaru.
   472 | D        | Became a worshipper of Gozag Ym Sagoz the Greedy
   473 | D        | Found a stormy altar of Qazlal.
   474 | D        | Found a sacrificial altar of Ru.
   475 | D        | Found a shimmering blue altar of Sif Muna.
   476 | D        | Found a bloodstained altar of Trog.
   477 | D        | Found a hide-covered altar of Uskayaw.
   478 | D        | Found a radiant altar of Vehumet.
   479 | D        | Found an ornate altar of the Wu Jian Council.
   480 | D        | Found a shimmering altar of Xom.
   481 | D        | Found a basalt altar of Yredelemnul.
   482 | D        | Found a glowing silver altar of Zin.
   483 | D        | Found a glowing golden altar of the Shining One.
   512 | D        | Noticed a wight
   512 | D        | Noticed a two-headed ogre
   512 | D        | Noticed a two-headed ogre
   512 | D        | Noticed a centaur
   512 | D        | Noticed a troll
   512 | D        | Noticed a two-headed ogre
   517 | D        | Slain by a two-headed ogre

Illustrated notes

Levels and vault maps discovered:
D:        linesprint [early_d, line_temple, items_1, d_10, items_2, lair_1,
          lair_end, items_3, orc_1, orc_end, items_4, d_15, swamp_1, shoals_1,
          snake_1, spider_1, d_20, vaults_1, items_5, swamp_end, shoals_end,
          snake_end, spider_end, vaults_end, d_27, items_6, zot_1, zot_end,
          crypt_end, forest_end, elf_end, slime_end, tomb_end, abyss_end,
          pan_hell_end]

Skill      XL: |  1  2  3 |
---------------+----------+-----
Stealth        | 6 7 |  7.7
Hexes          | 4 5 |  5.9
Dodging        | 3 4 |  4.0
Spellcasting   | 3 |  3.6
Short Blades   | 2 |  2.0
Fighting       | |  0.3

Action                   || total
-------------------------++-------
Melee: Dagger            ||    64
 Cast: Confusing Touch   ||     1
       Ensorcelled Hiber ||     1
Evoke: Wand              ||     1
  Use: Potion            ||     3
 Stab: Invisible         ||     3
       Sleeping          ||     1
Armor: Robe              ||     1
Dodge: Dodged            ||    49

Table legend: (Time is in decaauts)
 A = Elapsed time spent in this place.
 B = Non-inter-level travel time spent in this place.
 C = Inter-level travel time spent in this place.
 D = Time resting spent in this place.
 E = Time spent auto-exploring this place.
 F = Levels seen in this place.
 G = Mean time per level.
                   A        B        C        D        E       F      G
               +--------+--------+--------+--------+--------+-----+--------+
         Total |    486 |    486 |      0 |    358 |      1 |   1 |  486.0 |
       Dungeon |    486 |    486 |      0 |    358 |      1 |   1 |  486.0 |
               +--------+--------+--------+--------+--------+-----+--------+

Top non-repeatable levels by time:
       D: 486 daAuts
